 Dungeon Crawl Stone Soup version 0.22-a0-422-g9628fc8 (webtiles) character file.

101 Gorglomux the Shield-Bearer (level 4, -2/41 HPs)
             Began as a Minotaur Fighter on May 20, 2018.
             Slain by a gnoll
             ... wielding a +2 spear of freezing
              (7 damage)
             ... on level 3 of the Dungeon.
             The game lasted 00:00:42 (464 turns).

Gorglomux the Shield-Bearer (Minotaur Fighter)       Turns: 464, Time: 00:00:43

Health: -2/41      AC: 10    Str: 22    XL:     4   Next: 48%
Magic:  3/3        EV:  7    Int:  5    God:
Gold:   54         SH:  9    Dex:  9    Spells: 3/3 levels left

rFire    . . .     SeeInvis .   a - +0 war axe
rCold    . . .     Gourm    .   c - +0 shield
rNeg     . . .     Faith    .   b - +0 scale mail
rPois    .         Spirit   .   (helmet restricted)
rElec    .         Reflect  .   (no cloak)
rCorr    +         Harm     .   h - +2 pair of gloves
MR       .....                  (no boots)
Stlth    ..........             (no amulet)
HPRegen  0.13/turn              g - ring of resist corrosion
MPRegen  0.08/turn              (no ring)

@: no status effects
A: retaliatory headbutt, horns 2
a: no special abilities


You were on level 3 of the Dungeon.
You were not hungry.

You visited 1 branch of the dungeon, and saw 3 of its levels.

You collected 54 gold pieces.

Inventory:

Hand Weapons
 a - a +0 war axe (weapon)
Armour
 b - a +0 scale mail (worn)
 c - a +0 shield (worn)
 h - a +2 pair of gloves (worn)
Jewellery
 g - a ring of resist corrosion (left hand)
Scrolls
 k - a scroll of teleportation {unknown}
Potions
 d - a potion of might
 i - 3 potions of curing {unknown}
Comestibles
 f - 2 rations
 j - 14 chunks of flesh


   Skills:
 + Level 4.4 Fighting
 + Level 3.5 Axes
 + Level 4.4 Armour
 + Level 4.4 Shields


You had 3 spell levels left.
You didn't know any spells.
Your spell library was empty.

Dungeon Overview and Level Annotations

Branches:
Dungeon (3/15)

Altars:


Innate Abilities, Weirdness & Mutations

You reflexively headbutt those who attack you in melee.
You have a pair of horns on your head.


Message History

You fracture the leopard gecko skeleton into splinters!
You cut the howler monkey zombie into ribbons!!!
The howler monkey zombie hits you but does no damage!
The leopard gecko skeleton bites you!
The gnoll hits you from afar with a spear of freezing! * * * don't die
* * * The gnoll freezes you! * * * don't die
* * * The howler monkey zombie hits you! * * * don't die
* * * You are too injured to fight recklessly!!!
The leopard gecko skeleton bites you but does no damage!
The gnoll closely misses you!
Butt block the howler monkey zombie's attack!
You see here a spear!
Unknown command!
You are too injured to fight recklessly!!!
You block the leopard gecko skeleton's attack!
The gnoll hits you with a spear of freezing!!! rip

P..P# ....# P..P###
.....# .....# P.....#
....###.....# ......#
#..##....8... ......#
##..?#........ ......###
#...[#........
........###....#........
......#.......?Zg.......
###...#####.)..)@.......
#...#####....Z........
##))........>......... #
#..#####...##........ #
#..# #...##........ #
#..# #......#...###
####..# ##...####..#
......#####..## ..#
#####.....# #


You could see a gnoll, a howler monkey zombie and a leopard gecko skeleton.

Vanquished Creatures
  An adder (D:3)
  6 gnolls
  A worm (D:3)
  A dart slug (D:2)
  A leopard gecko (D:3)
  2 orcs (D:3)
  5 goblins
  2 hobgoblins (D:2)
  2 ball pythons (D:1)
  3 bats
  3 frilled lizards
  2 kobolds
  A leopard gecko zombie (D:3)
  3 rats
33 creatures vanquished.

Notes
Turn   | Place    | Note
-------+----------+-------------------------------------------
     0 | D:1      | Gorglomux the Minotaur Fighter began the quest for the Orb.
     0 | D:1      | Reached XP level 1. HP: 19/19 MP: 0/0
   189 | D:1      | Reached XP level 2. HP: 27/27 MP: 1/1
   249 | D:2      | Reached skill level 3 in Axes
   310 | D:3      | Reached XP level 3. HP: 32/33 MP: 2/2
   329 | D:3      | Reached XP level 4. HP: 12/40 MP: 3/3
   464 | D:3      | Slain by a gnoll

Vault maps used:
D:1:      mrwooster_arrival_statue_2, serial_bayou_lagoon_b
D:2:      minmay_wonky_spiral
D:3:      serial_undead, serial_undead_d, serial_undead_b, serial_undead_f,
          serial_undead_b

Skill      XL: |  1  2 |
---------------+-------+-----
Armour         | 4 |  4.4
Shields        | 4 |  4.4
Fighting       | 4 |  4.4
Axes           | 3 |  3.5

Action                   |  1- 3 |  4- 6 || total
-------------------------+-------+-------++-------
Melee: War axe           |    51 |    11 ||    62
       Headbutt          |     5 |     2 ||     7
Armor: Scale mail        |    44 |     6 ||    50
Dodge: Dodged            |    24 |    10 ||    34
Block: Shield            |    45 |     9 ||    54

Table legend:
 A = Spawn XP
 B = Non-spawn XP
 C = Spawn XP percentage of total XP
 D = Spawn monster count
 E = Non-spawn monster count
 F = Spawn count percentage of total count
 G = Total turns spent on level
                    A         B        C        D         E        F      G
               +---------+---------+-------+---------+---------+-------+---------
         Total |       0 |     145 |   0.0 |       0 |      33 |   0.0 |   464
               +---------+---------+-------+---------+---------+-------+---------
           D:1 |       0 |      28 |   0.0 |       0 |      13 |   0.0 |   217
           D:2 |       0 |       8 |   0.0 |       0 |       3 |   0.0 |    88
           D:3 |       0 |     109 |   0.0 |       0 |      17 |   0.0 |   159
               +---------+---------+-------+---------+---------+-------+---------
